Edmonton Oilers vs Vegas Golden Knights
Created - Friday, April 14, 2023 at 07:06
Goals
|
| Edmonton Oilers |
1 |
1 |
2 |
1 |
5 |
| Vegas Golden Knights |
2 |
1 |
1 |
0 |
4 |
|
Shots
|
| Edmonton Oilers |
16 |
5 |
12 |
3 |
36 |
| Vegas Golden Knights |
18 |
9 |
15 |
0 |
42 |
|
1st period
1. Edmonton Oilers , Adrian Kempe 12 (Ryan Getzlaf 11) at 4:02
2. Vegas Golden Knights , Jordan Staal 3 (John Marino 11, Tom Wilson 12) at 9:40
3. Vegas Golden Knights , Artemi Panarin 10 (Tom Wilson 13, Colin White 12) at 10:54 (PP)
Penalties :
Tom Wilson (VGK) for Holding Stick (Minor) at 0:13, Ryan Getzlaf (EDM) for Interference (Minor) at 10:11
2nd period
4. Vegas Golden Knights , Tom Wilson 11 (Artemi Panarin 20, Jordan Staal 9) at 1:20
5. Edmonton Oilers , Cam Atkinson 10 (Jamie Benn 18, Boone Jenner 16) at 18:44
Penalties :
Brandon Carlo (EDM) for Interference (Minor) at 3:58, Tom Wilson (VGK) for Hooking (Minor) at 13:13
3rd period
6. Edmonton Oilers , Boone Jenner 14 (Cam Atkinson 11, Jamie Benn 19) at 0:39
7. Edmonton Oilers , Jamie Benn 8 (Adrian Kempe 13) at 1:03 (PP)
8. Vegas Golden Knights , Vladislav Namestnikov 3 (Zach Parise 9, Jonathan Drouin 7) at 11:42
Penalties :
John Marino (VGK) for Interference (Minor) at 0:49, Ryan Getzlaf (EDM) for Slashing (Minor) at 13:18
Overtime #1
9. Edmonton Oilers , Damon Severson 3 (Jamie Benn 20, Brett Pesce 5) at 0:12
Penalties :
No Penalty
Goalie Stats
Juuse Saros (EDM), 38 saves from 42 shots - (0.905), W, 11-6-0, 60:12 minutes
Philipp Grubauer (VGK), 31 saves from 36 shots - (0.861), OTL, 2-7-1, 60:12 minutes
Players Stats for Edmonton Oilers
Player Name G A P +/- PIM S H SB GA TA FO MP PP MP PK MP
------------------------------------------------------------------------------------
Adrian Kempe 1 1 2 2 0 9 1 0 2 0 0/2 18:55 2:20 0:00
Alex Iafallo 0 0 0 -1 0 0 1 0 1 0 0/3 13:15 0:00 2:11
Anthony Duclair 0 0 0 1 0 0 0 0 1 0 1/3 18:26 2:00 0:00
Boone Jenner 1 1 2 1 0 3 2 5 0 2 4/15 20:35 2:20 2:25
Brandon Carlo 0 0 0 -2 2 0 1 2 0 0 0/0 15:10 0:00 0:53
Brett Pesce 0 1 1 1 0 0 1 3 1 1 0/0 25:36 0:00 3:03
Brock Boeser 0 0 0 -1 0 1 1 1 0 0 0/0 12:06 1:52 0:00
Cam Atkinson 1 1 2 1 0 8 1 1 1 0 0/0 19:39 2:12 0:17
Damon Severson 1 0 1 1 0 1 0 1 0 1 0/0 22:20 2:00 1:55
David Farrance 0 0 0 2 0 1 2 0 0 0 0/0 14:20 0:00 0:08
Erik Johnson 0 0 0 -2 0 0 2 2 0 1 0/0 21:15 0:00 2:57
Evan Bouchard 0 0 0 2 0 2 1 2 2 0 0/0 17:14 2:12 0:26
Jakub Voracek 0 0 0 -1 0 1 0 0 0 0 0/0 9:01 1:52 0:00
Jamie Benn 1 3 4 2 0 6 0 0 0 0 4/4 18:14 2:20 0:00
Mikael Backlund 0 0 0 -1 0 0 0 2 0 0 3/4 12:06 0:00 2:11
Paul Stastny 0 0 0 -1 0 2 0 0 0 0 0/0 9:35 0:00 0:05
Ryan Getzlaf 0 1 1 1 4 2 1 0 0 2 15/28 18:21 1:52 0:00
Sean Kuraly 0 0 0 -1 0 0 0 0 0 0 2/5 9:56 0:00 2:13
Players Stats for Vegas Golden Knights
Player Name G A P +/- PIM S H SB GA TA FO MP PP MP PK MP
------------------------------------------------------------------------------------
Andreas Johnsson 0 0 0 -1 0 1 1 0 0 0 0/0 10:27 1:57 0:00
Andrew Peeke 0 0 0 0 0 1 0 1 0 0 0/0 19:15 0:00 2:37
Anthony Cirelli 0 0 0 -2 0 0 1 0 1 0 7/12 14:39 0:03 1:32
Artemi Panarin 1 1 2 1 0 5 1 0 2 0 0/3 20:38 2:41 0:06
Colin White 0 1 1 -1 0 3 0 1 0 0 3/5 11:20 2:41 0:00
Jaden Schwartz 0 0 0 -2 0 8 1 1 1 3 1/2 17:49 3:08 1:47
John Marino 0 1 1 -1 2 1 1 3 0 1 0/0 24:15 1:33 0:00
Jonathan Drouin 0 1 1 1 0 3 0 0 0 0 0/0 11:49 0:03 0:00
Jordan Staal 1 1 2 1 0 5 3 1 0 1 20/33 20:49 0:00 2:18
Marc Staal 0 0 0 0 0 3 2 3 0 2 0/0 19:15 0:00 2:37
Marc-Edouard Vlasic 0 0 0 0 0 0 1 0 0 1 0/0 13:04 0:00 1:35
P.K. Subban 0 0 0 0 0 0 1 3 0 0 0/0 15:02 3:08 0:00
Rickard Rakell 0 0 0 -2 0 2 1 0 1 0 0/0 14:28 1:57 0:00
Tom Wilson 1 2 3 2 4 6 2 0 0 0 1/4 21:00 2:41 0:14
Victor Olofsson 0 0 0 -1 0 0 0 1 0 0 0/0 10:06 1:33 0:00
Vince Dunn 0 0 0 -1 0 1 2 3 0 0 0/0 24:22 0:00 1:35
Vladislav Namestnikov 1 0 1 1 0 2 1 0 0 0 3/5 14:52 1:57 1:44
Zach Parise 0 1 1 1 0 1 0 1 2 0 0/0 13:23 0:03 0:43
3 Stars
1 - Jamie Benn (EDM)
2 - Boone Jenner (EDM)
3 - Adrian Kempe (EDM)
Power Play
Edmonton Oilers - 1 on 3 Attempt(s) - 33.33%
Vegas Golden Knights - 1 on 3 Attempt(s) - 33.33%
Penalty Kill
Edmonton Oilers - 2 on 3 Attempt(s) - 66.67%
- Score 0 goal in Penalty Kill
Vegas Golden Knights - 2 on 3 Attempt(s) - 66.67%
- Score 0 goal in Penalty Kill
Team Stat
Edmonton Oilers - Hits : 14 - Faceoff Wins : 29 - Blocked Shots : 19 - Penalty Minutes : 6
Vegas Golden Knights - Hits : 18 - Faceoff Wins : 35 - Blocked Shots : 18 - Penalty Minutes : 6
Official
Referees : Dave Lewis and Dave Jackson
Linesman : Brad Kovachik and David Brisebois
Game Notes
No Game Note
Finance
Level 1 -- Attendance: 5692 (94.87%) -- Ticket Income $540,740
Level 2 -- Attendance: 4940 (98.80%) -- Ticket Income $271,700
Level 3 -- Attendance: 2925 (97.50%) -- Ticket Income $87,750
Level 4 -- Attendance: 5000 (100.00%) -- Ticket Income $100,000
Luxury Box -- Attendance: 888 (88.80%) -- Ticket Income $168,720
Game was played at the T-Mobile Arena.
Total Attendance: 19445 (97.23%)
Total Ticket Income: $1,168,910
Other Income: $409,118
Total Income: $1,578,028
Edmonton Oilers
5 vs 5 Forward
Center Left Wing Right Wing Time % Phy DF OF
1 Boone Jenner Jamie Benn Cam Atkinson 35 0 2 3
2 Ryan Getzlaf Anthony Duclair Adrian Kempe 34 0 2 3
3 Mikael Backlund Alex Iafallo Brock Boeser 21 0 2 3
4 Sean Kuraly Paul Stastny Jakub Voracek 10 1 2 2
5 vs 5 Defense
Defense Defense Time % Phy DF OF
1 Damon Severson Brett Pesce 35 0 3 2
2 Erik Johnson Brandon Carlo 31 0 4 1
3 David Farrance Evan Bouchard 22 1 2 2
4 Erik Johnson Brett Pesce 12 1 4 0
PowerPlay Forward
Center Left Wing Right Wing Time % Phy DF OF
1 Boone Jenner Jamie Benn Adrian Kempe 60 0 0 5
2 Ryan Getzlaf Jakub Voracek Brock Boeser 40 0 0 5
PowerPlay Defense
Defense Defense Time % Phy DF OF
1 Damon Severson Anthony Duclair 60 0 1 4
2 Evan Bouchard Cam Atkinson 40 0 1 4
Penalty Kill 4 Players Forward
Center Wing Time % Phy DF OF
1 Boone Jenner Sean Kuraly 50 1 4 0
2 Mikael Backlund Alex Iafallo 50 1 4 0
Penalty Kill 4 Players Defense
Defense Defense Time % Phy DF OF
1 Erik Johnson Brett Pesce 60 1 4 0
2 Damon Severson Brandon Carlo 40 1 4 0
Penalty Kill - 3 Players Forward
Forward Time % Phy DF OF
1 Boone Jenner 50 0 5 0
2 Mikael Backlund 50 0 5 0
Penalty Kill - 3 Players Defense
Defense Defense Time % Phy DF OF
1 Erik Johnson Brett Pesce 50 1 4 0
2 Damon Severson Brandon Carlo 50 1 4 0
4 vs 4 Forward
Center Wing Time % Phy DF OF
1 Jamie Benn Adrian Kempe 57 0 2 3
2 Mikael Backlund Anthony Duclair 43 0 2 3
4 vs 4 Defense
Defense Defense Time % Phy DF OF
1 Damon Severson Brett Pesce 56 0 3 2
2 Evan Bouchard Brandon Carlo 44 0 2 3
Last Minutes Offensive
Center Left Wing Right Wing Defense Defense
Boone Jenner Jamie Benn Adrian Kempe Damon Severson Evan Bouchard
Last Minutes Defensive
Center Left Wing Right Wing Defense Defense
Boone Jenner Sean Kuraly Mikael Backlund Erik Johnson Brett Pesce
Goaltenders
Starting : Juuse Saros
Backup : Matt Murray
Extra Forwards
Normal : Adrian Kempe, Brock Boeser, Paul Stastny - PP : Jakub Voracek, Paul Stastny - PK : Cam Atkinson
Extra Defensemen
Normal : Erik Johnson, Evan Bouchard, Damon Severson - PP : Erik Johnson - PK : Damon Severson, Erik Johnson
Penalty Shots
Boone Jenner, Anthony Duclair, Adrian Kempe, Cam Atkinson, Jakub Voracek
Vegas Golden Knights
5 vs 5 Forward
Center Left Wing Right Wing Time % Phy DF OF
1 Jordan Staal Artemi Panarin Tom Wilson 40 1 2 2
2 Anthony Cirelli Jaden Schwartz Rickard Rakell 30 1 2 2
3 Vladislav Namestnikov Zach Parise Jonathan Drouin 20 1 2 2
4 Colin White Andreas Johnsson Victor Olofsson 10 1 2 2
5 vs 5 Defense
Defense Defense Time % Phy DF OF
1 Vince Dunn John Marino 40 1 2 2
2 Marc Staal Andrew Peeke 30 1 2 2
3 Marc-Edouard Vlasic P.K. Subban 20 1 2 2
4 Vince Dunn John Marino 10 1 2 2
PowerPlay Forward
Center Left Wing Right Wing Time % Phy DF OF
1 Colin White Artemi Panarin Tom Wilson 60 1 2 2
2 Vladislav Namestnikov Andreas Johnsson Rickard Rakell 40 1 2 2
PowerPlay Defense
Defense Defense Time % Phy DF OF
1 Jaden Schwartz P.K. Subban 60 1 2 2
2 Victor Olofsson John Marino 40 1 2 2
Penalty Kill 4 Players Forward
Center Wing Time % Phy DF OF
1 Jordan Staal Tom Wilson 60 1 2 2
2 Anthony Cirelli Zach Parise 40 1 2 2
Penalty Kill 4 Players Defense
Defense Defense Time % Phy DF OF
1 Marc Staal Andrew Peeke 60 1 2 2
2 Marc-Edouard Vlasic Vince Dunn 40 1 2 2
Penalty Kill - 3 Players Forward
Forward Time % Phy DF OF
1 Anthony Cirelli 60 1 2 2
2 Zach Parise 40 1 2 2
Penalty Kill - 3 Players Defense
Defense Defense Time % Phy DF OF
1 Marc Staal Andrew Peeke 60 1 2 2
2 Marc-Edouard Vlasic Vince Dunn 40 1 2 2
4 vs 4 Forward
Center Wing Time % Phy DF OF
1 Jordan Staal Artemi Panarin 60 1 2 2
2 Anthony Cirelli Tom Wilson 40 1 2 2
4 vs 4 Defense
Defense Defense Time % Phy DF OF
1 Marc Staal Andrew Peeke 60 1 2 2
2 Vince Dunn John Marino 40 1 2 2
Last Minutes Offensive
Center Left Wing Right Wing Defense Defense
Jordan Staal Artemi Panarin Tom Wilson Vince Dunn John Marino
Last Minutes Defensive
Center Left Wing Right Wing Defense Defense
Jordan Staal Zach Parise Tom Wilson Vince Dunn Andrew Peeke
Goaltenders
Starting : Philipp Grubauer
Backup : Casey DeSmith
Extra Forwards
Normal : Rickard Rakell, Artemi Panarin, Jordan Staal - PP : Anthony Cirelli, Zach Parise - PK : Vladislav Namestnikov
Extra Defensemen
Normal : Marc Staal, John Marino, Vince Dunn - PP : Marc Staal - PK : John Marino, P.K. Subban
Penalty Shots
Artemi Panarin, Rickard Rakell, Andreas Johnsson, Anthony Cirelli, Victor Olofsson
% Time on Ice - Edmonton Oilers
Lines # - Real PCT - Wanted PCT - Time Play
Normal Forward
1 - 32% - 35% - 16:11
2 - 36% - 34% - 18:23
3 - 19% - 21% - 9:43
4 - 13% - 10% - 6:50
Normal Defense
1 - 36% - 35% - 18:13
2 - 31% - 31% - 15:41
3 - 26% - 22% - 13:05
4 - 8% - 12% - 4:08
PP Forward
1 - 56% - 60% - 2:20
2 - 44% - 40% - 1:52
PP Defense
1 - 48% - 60% - 2:00
2 - 52% - 40% - 2:12
PK Forward
1 - 53% - 50% - 2:30
2 - 47% - 50% - 2:11
PK Defense
1 - 50% - 60% - 2:20
2 - 50% - 40% - 2:21
PK3 Forward
1 - 0% - 50%
2 - 0% - 50%
PK3 Defense
1 - 0% - 50%
2 - 0% - 50%
44 Forward
1 - 100% - 57% - 0:12
2 - 0% - 43% - 0:00
44 Defense
1 - 100% - 56% - 0:12
2 - 0% - 44% - 0:00
Last Minute Offensive - 0:00
Last Minute Defensive - 0:00
Total
Forward - 60:12
Defense - 60:12
|
% Time on Ice - Vegas Golden Knights
Lines # - Real PCT - Wanted PCT - Time Play
Normal Forward
1 - 35% - 40% - 17:42
2 - 31% - 30% - 15:52
3 - 20% - 20% - 10:22
4 - 14% - 10% - 7:11
Normal Defense
1 - 39% - 40% - 20:07
2 - 32% - 30% - 16:30
3 - 22% - 20% - 11:25
4 - 6% - 10% - 3:05
PP Forward
1 - 58% - 60% - 2:44
2 - 42% - 40% - 1:57
PP Defense
1 - 67% - 60% - 3:08
2 - 33% - 40% - 1:33
PK Forward
1 - 83% - 60% - 3:29
2 - 17% - 40% - 0:43
PK Defense
1 - 62% - 60% - 2:37
2 - 38% - 40% - 1:35
PK3 Forward
1 - 0% - 60%
2 - 0% - 40%
PK3 Defense
1 - 0% - 60%
2 - 0% - 40%
44 Forward
1 - 100% - 60% - 0:12
2 - 0% - 40% - 0:00
44 Defense
1 - 100% - 60% - 0:12
2 - 0% - 40% - 0:00
Last Minute Offensive - 0:00
Last Minute Defensive - 0:00
Total
Forward - 60:12
Defense - 60:12
|
Play-by-Play
1st period
0:01 of 1st period - Boone Jenner wins face-off versus Tom Wilson in neutral zone.
0:13 of 1st period - Minor Penalty to Tom Wilson for Holding Stick.
0:14 of 1st period - Jordan Staal wins face-off versus Boone Jenner in Vegas Golden Knights zone.
1:04 of 1st period - Vince Dunn is hit by Brock Boeser and loses puck.
2:13 of 1st period - Penalty to Tom Wilson is over, Tom Wilson is back on ice.
2:29 of 1st period - Slapshot by Cam Atkinson.
2:29 of 1st period - Shot Misses the Net.
2:42 of 1st period - Vince Dunn is hit by Erik Johnson and loses puck.
3:14 of 1st period - Wrist shot by Vladislav Namestnikov.
3:14 of 1st period - Shot Blocked by Brett Pesce.
3:16 of 1st period - Snap shot by Tom Wilson.
3:16 of 1st period - Deflect By Zach Parise.
3:16 of 1st period - Shot Misses the Net.
3:16 of 1st period - Puck is out of play.
3:17 of 1st period - Ryan Getzlaf wins face-off versus Colin White in Edmonton Oilers zone.
3:42 of 1st period - Brett Pesce is hit by P.K. Subban and loses puck.
3:50 of 1st period - Off-side.
3:51 of 1st period - Anthony Cirelli wins face-off versus Ryan Getzlaf in neutral zone.
3:56 of 1st period - Snap shot by Jaden Schwartz.
3:56 of 1st period - Stopped by Juuse Saros with a rebound.
4:02 of 1st period - Snap shot by Adrian Kempe.
4:02 of 1st period - Goal by Adrian Kempe - Edmonton Oilers : 1 - Vegas Golden Knights : 0.
4:03 of 1st period - Jordan Staal wins face-off versus Boone Jenner in neutral zone.
4:16 of 1st period - Wrist shot by Artemi Panarin.
4:16 of 1st period - Shot Blocked by Boone Jenner.
4:22 of 1st period - Tom Wilson is hit by Cam Atkinson and loses puck.
4:53 of 1st period - Snap shot by Adrian Kempe.
4:53 of 1st period - Shot Blocked by Vince Dunn.
4:55 of 1st period - Slapshot by Damon Severson.
4:55 of 1st period - Shot Blocked by John Marino.
4:57 of 1st period - Wrist shot by Paul Stastny.
4:57 of 1st period - Shot Misses the Net.
4:59 of 1st period - Slapshot by Paul Stastny.
4:59 of 1st period - Stopped by Philipp Grubauer without a rebound.
5:00 of 1st period - Jordan Staal wins face-off versus Sean Kuraly in Vegas Golden Knights zone.
5:38 of 1st period - P.K. Subban is hit by Evan Bouchard and loses puck.
5:47 of 1st period - Marc-Edouard Vlasic is hit by David Farrance and loses puck.
6:00 of 1st period - Snap shot by Cam Atkinson.
6:00 of 1st period - Shot Misses the Net.
6:02 of 1st period - Wrist shot by Jamie Benn.
6:02 of 1st period - Stopped by Philipp Grubauer with a rebound.
6:04 of 1st period - Snap shot by Cam Atkinson.
6:04 of 1st period - Shot Blocked by Zach Parise.
6:06 of 1st period - Backhand shot by Cam Atkinson.
6:06 of 1st period - Shot Misses the Net.
6:08 of 1st period - Wrist shot by Cam Atkinson.
6:08 of 1st period - Shot Blocked by P.K. Subban.
6:12 of 1st period - Wrist shot by Cam Atkinson.
6:12 of 1st period - Stopped by Philipp Grubauer with a rebound.
6:14 of 1st period - Snap shot by Jamie Benn.
6:14 of 1st period - Stopped by Philipp Grubauer with a rebound.
6:16 of 1st period - Slapshot by Evan Bouchard.
6:16 of 1st period - Shot Misses the Net.
6:30 of 1st period - Snap shot by Cam Atkinson.
6:30 of 1st period - Stopped by Philipp Grubauer with a rebound.
6:34 of 1st period - Snap shot by Boone Jenner.
6:34 of 1st period - Stopped by Philipp Grubauer with a rebound.
6:36 of 1st period - Slapshot by Evan Bouchard.
6:36 of 1st period - Shot Misses the Net.
6:46 of 1st period - Backhand shot by Boone Jenner.
6:46 of 1st period - Shot Misses the Net.
6:48 of 1st period - Snap shot by Boone Jenner.
6:48 of 1st period - Shot Blocked by P.K. Subban.
6:54 of 1st period - Snap shot by Cam Atkinson.
6:54 of 1st period - Stopped by Philipp Grubauer with a rebound.
6:56 of 1st period - Slapshot by Cam Atkinson.
6:56 of 1st period - Shot Blocked by P.K. Subban.
6:58 of 1st period - Snap shot by Jamie Benn.
6:58 of 1st period - Shot Misses the Net.
7:16 of 1st period - Snap shot by Jamie Benn.
7:16 of 1st period - Stopped by Philipp Grubauer with a rebound.
7:18 of 1st period - Wrist shot by Boone Jenner.
7:18 of 1st period - Stopped by Philipp Grubauer with a rebound.
7:20 of 1st period - Snap shot by Jamie Benn.
7:20 of 1st period - Shot Misses the Net.
7:22 of 1st period - Slapshot by Evan Bouchard.
7:22 of 1st period - Stopped by Philipp Grubauer without a rebound.
7:23 of 1st period - Ryan Getzlaf wins face-off versus Tom Wilson in Vegas Golden Knights zone.
7:24 of 1st period - Snap shot by Adrian Kempe.
7:24 of 1st period - Stopped by Philipp Grubauer with a rebound.
7:26 of 1st period - Snap shot by Ryan Getzlaf.
7:26 of 1st period - Shot Misses the Net.
7:28 of 1st period - Slapshot by Brandon Carlo.
7:28 of 1st period - Shot Blocked by Marc Staal.
7:30 of 1st period - Snap shot by Ryan Getzlaf.
7:30 of 1st period - Shot Misses the Net.
7:32 of 1st period - Snap shot by Brandon Carlo.
7:32 of 1st period - Shot Blocked by Marc Staal.
7:34 of 1st period - Snap shot by Ryan Getzlaf.
7:34 of 1st period - Deflect By Adrian Kempe.
7:34 of 1st period - Stopped by Philipp Grubauer with a rebound.
7:36 of 1st period - Wrist shot by Adrian Kempe.
7:36 of 1st period - Stopped by Philipp Grubauer with a rebound.
7:38 of 1st period - Slapshot by Erik Johnson.
7:38 of 1st period - Shot Blocked by Andrew Peeke.
7:48 of 1st period - Tom Wilson is hit by Erik Johnson and loses puck.
8:11 of 1st period - Brock Boeser is hit by Marc Staal and loses puck.
8:45 of 1st period - Icing by Victor Olofsson.
8:46 of 1st period - Colin White wins face-off versus Alex Iafallo in Vegas Golden Knights zone.
9:20 of 1st period - Slapshot by Jaden Schwartz.
9:20 of 1st period - Stopped by Juuse Saros with a rebound.
9:22 of 1st period - Snap shot by Anthony Cirelli.
9:22 of 1st period - Deflect By Rickard Rakell.
9:22 of 1st period - Shot Blocked by Brandon Carlo.
9:22 of 1st period - Puck is out of play.
9:23 of 1st period - Tom Wilson wins face-off versus Alex Iafallo in Edmonton Oilers zone.
9:32 of 1st period - Snap shot by Artemi Panarin.
9:32 of 1st period - Shot Blocked by Mikael Backlund.
9:34 of 1st period - Slapshot by Vince Dunn.
9:34 of 1st period - Deflect By Artemi Panarin.
9:34 of 1st period - Stopped by Juuse Saros with a rebound.
9:36 of 1st period - Slapshot by John Marino.
9:36 of 1st period - Stopped by Juuse Saros with a rebound.
9:38 of 1st period - Snap shot by Tom Wilson.
9:38 of 1st period - Shot Misses the Net.
9:40 of 1st period - Slapshot by John Marino.
9:40 of 1st period - Deflect By Jordan Staal.
9:40 of 1st period - Goal by Jordan Staal - Edmonton Oilers : 1 - Vegas Golden Knights : 1.
9:41 of 1st period - Ryan Getzlaf wins face-off versus Jordan Staal in neutral zone.
9:53 of 1st period - Snap shot by Jordan Staal.
9:53 of 1st period - Stopped by Juuse Saros without a rebound.
9:54 of 1st period - Jordan Staal wins face-off versus Adrian Kempe in Edmonton Oilers zone.
9:57 of 1st period - Backhand shot by Artemi Panarin.
9:57 of 1st period - Stopped by Juuse Saros without a rebound.
9:58 of 1st period - Jordan Staal wins face-off versus Ryan Getzlaf in Edmonton Oilers zone.
10:09 of 1st period - Wrist shot by Tom Wilson.
10:09 of 1st period - Shot Misses the Net.
10:11 of 1st period - Minor Penalty to Ryan Getzlaf for Interference.
10:12 of 1st period - Colin White wins face-off versus Boone Jenner in Edmonton Oilers zone.
10:35 of 1st period - Brett Pesce is hit by Tom Wilson and loses puck.
10:54 of 1st period - Snap shot by Artemi Panarin.
10:54 of 1st period - Goal by Artemi Panarin - Edmonton Oilers : 1 - Vegas Golden Knights : 2.
10:55 of 1st period - Ryan Getzlaf wins face-off versus Anthony Cirelli in neutral zone.
10:58 of 1st period - Snap shot by Adrian Kempe.
10:58 of 1st period - Shot Misses the Net.
11:06 of 1st period - Snap shot by Jaden Schwartz.
11:06 of 1st period - Stopped by Juuse Saros with a rebound.
11:08 of 1st period - Snap shot by Jaden Schwartz.
11:08 of 1st period - Stopped by Juuse Saros without a rebound.
11:09 of 1st period - Jordan Staal wins face-off versus Boone Jenner in Edmonton Oilers zone.
11:12 of 1st period - Wrist shot by Tom Wilson.
11:12 of 1st period - Stopped by Juuse Saros without a rebound.
11:13 of 1st period - Boone Jenner wins face-off versus Jordan Staal in Edmonton Oilers zone.
11:24 of 1st period - Snap shot by Cam Atkinson.
11:24 of 1st period - Stopped by Philipp Grubauer with a rebound.
13:04 of 1st period - Snap shot by Adrian Kempe.
13:04 of 1st period - Stopped by Philipp Grubauer without a rebound.
13:05 of 1st period - Ryan Getzlaf wins face-off versus Jaden Schwartz in Vegas Golden Knights zone.
13:34 of 1st period - Cam Atkinson is hit by Jordan Staal and loses puck.
13:39 of 1st period - Slapshot by Artemi Panarin.
13:39 of 1st period - Shot Blocked by Evan Bouchard.
13:41 of 1st period - Slapshot by Marc-Edouard Vlasic.
13:41 of 1st period - Shot Blocked by Evan Bouchard.
14:54 of 1st period - Wrist shot by Tom Wilson.
14:54 of 1st period - Stopped by Juuse Saros without a rebound.
14:55 of 1st period - Jordan Staal wins face-off versus Boone Jenner in Edmonton Oilers zone.
15:40 of 1st period - Wrist shot by Jordan Staal.
15:40 of 1st period - Stopped by Juuse Saros without a rebound.
15:41 of 1st period - Ryan Getzlaf wins face-off versus Anthony Cirelli in Edmonton Oilers zone.
16:14 of 1st period - Off-side.
16:15 of 1st period - Mikael Backlund wins face-off versus Vladislav Namestnikov in neutral zone.
16:31 of 1st period - Icing by John Marino.
16:32 of 1st period - Vladislav Namestnikov wins face-off versus Anthony Duclair in Vegas Golden Knights zone.
16:47 of 1st period - Snap shot by Zach Parise.
16:47 of 1st period - Deflect By Jonathan Drouin.
16:47 of 1st period - Stopped by Juuse Saros with a rebound.
16:49 of 1st period - Snap shot by Jonathan Drouin.
16:49 of 1st period - Shot Misses the Net.
17:04 of 1st period - Icing by Boone Jenner.
17:05 of 1st period - Boone Jenner wins face-off versus Jordan Staal in Edmonton Oilers zone.
17:05 of 1st period - Boone Jenner is hit by Jordan Staal.
18:00 of 1st period - Wrist shot by Colin White.
18:00 of 1st period - Shot Misses the Net.
18:02 of 1st period - Slapshot by Andrew Peeke.
18:02 of 1st period - Shot Misses the Net.
18:04 of 1st period - Slapshot by Andrew Peeke.
18:04 of 1st period - Stopped by Juuse Saros with a rebound.
18:06 of 1st period - Slapshot by Marc Staal.
18:06 of 1st period - Stopped by Juuse Saros with a rebound.
18:08 of 1st period - Snap shot by Colin White.
18:08 of 1st period - Shot Misses the Net.
18:46 of 1st period - Slapshot by Tom Wilson.
18:46 of 1st period - Stopped by Juuse Saros without a rebound.
18:47 of 1st period - Jaden Schwartz wins face-off versus Ryan Getzlaf in Edmonton Oilers zone.
18:56 of 1st period - Slapshot by Rickard Rakell.
18:56 of 1st period - Deflect By Adrian Kempe.
18:56 of 1st period - Stopped by Juuse Saros without a rebound.
18:57 of 1st period - Anthony Cirelli wins face-off versus Ryan Getzlaf in Edmonton Oilers zone.
19:07 of 1st period - Off-side.
19:08 of 1st period - Anthony Duclair wins face-off versus Artemi Panarin in neutral zone.
Goals for this period are 1 for Edmonton Oilers vs 2 for Vegas Golden Knights.
Shots for this period are 16 for Edmonton Oilers vs 18 for Vegas Golden Knights.
2nd period
0:01 of 2nd period - Jordan Staal wins face-off versus Ryan Getzlaf in neutral zone.
0:04 of 2nd period - Adrian Kempe is hit by Tom Wilson and loses puck.
0:34 of 2nd period - Backhand shot by Cam Atkinson.
0:34 of 2nd period - Stopped by Philipp Grubauer with a rebound.
0:46 of 2nd period - Snap shot by Vladislav Namestnikov.
0:46 of 2nd period - Shot Misses the Net.
0:48 of 2nd period - Wrist shot by Vladislav Namestnikov.
0:48 of 2nd period - Shot Blocked by Damon Severson.
0:50 of 2nd period - Slapshot by Zach Parise.
0:50 of 2nd period - Shot Misses the Net.
0:52 of 2nd period - Snap shot by Zach Parise.
0:52 of 2nd period - Shot Blocked by Brock Boeser.
1:12 of 2nd period - Off-side.
1:13 of 2nd period - Jordan Staal wins face-off versus Sean Kuraly in neutral zone.
1:18 of 2nd period - Wrist shot by Artemi Panarin.
1:18 of 2nd period - Shot Blocked by Erik Johnson.
1:20 of 2nd period - Wrist shot by Tom Wilson.
1:20 of 2nd period - Goal by Tom Wilson - Edmonton Oilers : 1 - Vegas Golden Knights : 3.
1:21 of 2nd period - Ryan Getzlaf wins face-off versus Tom Wilson in neutral zone.
2:13 of 2nd period - Snap shot by Jonathan Drouin.
2:13 of 2nd period - Stopped by Juuse Saros without a rebound.
2:14 of 2nd period - Mikael Backlund wins face-off versus Jordan Staal in Edmonton Oilers zone.
2:33 of 2nd period - Snap shot by Mikael Backlund.
2:33 of 2nd period - Shot Misses the Net.
2:41 of 2nd period - Icing by Artemi Panarin.
2:42 of 2nd period - Jordan Staal wins face-off versus Anthony Duclair in Vegas Golden Knights zone.
3:17 of 2nd period - Slapshot by Adrian Kempe.
3:17 of 2nd period - Stopped by Philipp Grubauer with a rebound.
3:33 of 2nd period - Snap shot by Tom Wilson.
3:33 of 2nd period - Shot Misses the Net.
3:35 of 2nd period - Wrist shot by Jordan Staal.
3:35 of 2nd period - Stopped by Juuse Saros without a rebound.
3:36 of 2nd period - Jamie Benn wins face-off versus Anthony Cirelli in Edmonton Oilers zone.
3:36 of 2nd period - Jamie Benn is hit by John Marino.
3:50 of 2nd period - Wrist shot by Jaden Schwartz.
3:50 of 2nd period - Stopped by Juuse Saros with a rebound.
3:52 of 2nd period - Snap shot by Jaden Schwartz.
3:52 of 2nd period - Shot Blocked by Boone Jenner.
3:58 of 2nd period - Minor Penalty to Brandon Carlo for Interference.
3:59 of 2nd period - Vladislav Namestnikov wins face-off versus Boone Jenner in Edmonton Oilers zone.
4:00 of 2nd period - Snap shot by Rickard Rakell.
4:00 of 2nd period - Shot Blocked by Boone Jenner.
4:02 of 2nd period - Wrist shot by Vladislav Namestnikov.
4:02 of 2nd period - Stopped by Juuse Saros without a rebound.
4:03 of 2nd period - Boone Jenner wins face-off versus Vladislav Namestnikov in Edmonton Oilers zone.
4:13 of 2nd period - Sean Kuraly is hit by Jaden Schwartz and loses puck.
5:04 of 2nd period - Boone Jenner is hit by Artemi Panarin and loses puck.
5:58 of 2nd period - Penalty to Brandon Carlo is over, Brandon Carlo is back on ice.
6:45 of 2nd period - Snap shot by Paul Stastny.
6:45 of 2nd period - Shot Blocked by John Marino.
7:11 of 2nd period - Mikael Backlund is hit by Rickard Rakell and loses puck.
8:05 of 2nd period - Slapshot by Adrian Kempe.
8:05 of 2nd period - Stopped by Philipp Grubauer without a rebound.
8:06 of 2nd period - Vladislav Namestnikov wins face-off versus Ryan Getzlaf in Vegas Golden Knights zone.
8:59 of 2nd period - Slapshot by Victor Olofsson.
8:59 of 2nd period - Shot Misses the Net.
9:01 of 2nd period - Snap shot by Andreas Johnsson.
9:01 of 2nd period - Shot Misses the Net.
9:03 of 2nd period - Wrist shot by Marc Staal.
9:03 of 2nd period - Stopped by Juuse Saros with a rebound.
9:05 of 2nd period - Slapshot by Marc Staal.
9:05 of 2nd period - Shot Blocked by Brandon Carlo.
9:07 of 2nd period - Backhand shot by Colin White.
9:07 of 2nd period - Stopped by Juuse Saros without a rebound.
9:08 of 2nd period - Jamie Benn wins face-off versus Jordan Staal in Edmonton Oilers zone.
9:39 of 2nd period - Wrist shot by Rickard Rakell.
9:39 of 2nd period - Deflect By Jaden Schwartz.
9:39 of 2nd period - Stopped by Juuse Saros without a rebound.
9:40 of 2nd period - Anthony Cirelli wins face-off versus Ryan Getzlaf in Edmonton Oilers zone.
10:03 of 2nd period - Snap shot by Rickard Rakell.
10:03 of 2nd period - Shot Misses the Net.
10:34 of 2nd period - Wrist shot by Alex Iafallo.
10:34 of 2nd period - Shot Misses the Net.
12:22 of 2nd period - Backhand shot by Jonathan Drouin.
12:22 of 2nd period - Shot Misses the Net.
13:13 of 2nd period - Minor Penalty to Tom Wilson for Hooking.
13:14 of 2nd period - Jordan Staal wins face-off versus Adrian Kempe in Vegas Golden Knights zone.
14:13 of 2nd period - Icing by Jakub Voracek.
14:14 of 2nd period - Anthony Cirelli wins face-off versus Ryan Getzlaf in Edmonton Oilers zone.
15:13 of 2nd period - Penalty to Tom Wilson is over, Tom Wilson is back on ice.
15:28 of 2nd period - Brett Pesce is hit by Vince Dunn and loses puck.
15:39 of 2nd period - Vladislav Namestnikov is hit by Brett Pesce and loses puck.
15:52 of 2nd period - Slapshot by Adrian Kempe.
15:52 of 2nd period - Shot Misses the Net.
16:08 of 2nd period - Wrist shot by Artemi Panarin.
16:08 of 2nd period - Shot Misses the Net.
16:10 of 2nd period - Snap shot by Tom Wilson.
16:10 of 2nd period - Shot Blocked by Brett Pesce.
17:11 of 2nd period - Boone Jenner is hit by Vince Dunn and loses puck.
17:40 of 2nd period - Rickard Rakell is hit by Brandon Carlo and loses puck.
18:01 of 2nd period - Jakub Voracek is hit by Jordan Staal and loses puck.
18:10 of 2nd period - Tom Wilson is hit by David Farrance and loses puck.
18:30 of 2nd period - Vladislav Namestnikov is hit by Adrian Kempe.
18:44 of 2nd period - Snap shot by Cam Atkinson.
18:44 of 2nd period - Goal by Cam Atkinson - Edmonton Oilers : 2 - Vegas Golden Knights : 3.
18:45 of 2nd period - Jordan Staal wins face-off versus Boone Jenner in neutral zone.
19:02 of 2nd period - Slapshot by Artemi Panarin.
19:02 of 2nd period - Stopped by Juuse Saros with a rebound.
19:36 of 2nd period - Slapshot by Boone Jenner.
19:36 of 2nd period - Shot Blocked by John Marino.
19:38 of 2nd period - Wrist shot by Jamie Benn.
19:38 of 2nd period - Stopped by Philipp Grubauer with a rebound.
19:40 of 2nd period - Wrist shot by Boone Jenner.
19:40 of 2nd period - Deflect By Vince Dunn.
19:40 of 2nd period - Shot Misses the Net.
19:40 of 2nd period - Puck is out of play.
19:41 of 2nd period - Jordan Staal wins face-off versus Ryan Getzlaf in Vegas Golden Knights zone.
Goals for this period are 1 for Edmonton Oilers vs 1 for Vegas Golden Knights.
Shots for this period are 5 for Edmonton Oilers vs 9 for Vegas Golden Knights.
3rd period
0:01 of 3rd period - Ryan Getzlaf wins face-off versus Jordan Staal in neutral zone.
0:16 of 3rd period - Snap shot by Adrian Kempe.
0:16 of 3rd period - Shot Misses the Net.
0:23 of 3rd period - Icing by John Marino.
0:24 of 3rd period - Jamie Benn wins face-off versus Anthony Cirelli in Vegas Golden Knights zone.
0:37 of 3rd period - Snap shot by Boone Jenner.
0:37 of 3rd period - Shot Misses the Net.
0:39 of 3rd period - Slapshot by Boone Jenner.
0:39 of 3rd period - Goal by Boone Jenner - Edmonton Oilers : 3 - Vegas Golden Knights : 3.
0:40 of 3rd period - Ryan Getzlaf wins face-off versus Jordan Staal in neutral zone.
0:47 of 3rd period - Wrist shot by Adrian Kempe.
0:47 of 3rd period - Shot Blocked by Vince Dunn.
0:49 of 3rd period - Minor Penalty to John Marino for Interference.
0:50 of 3rd period - Jordan Staal wins face-off versus Boone Jenner in Vegas Golden Knights zone.
1:03 of 3rd period - Snap shot by Jamie Benn.
1:03 of 3rd period - Goal by Jamie Benn - Edmonton Oilers : 4 - Vegas Golden Knights : 3.
1:04 of 3rd period - Ryan Getzlaf wins face-off versus Artemi Panarin in neutral zone.
1:11 of 3rd period - Wrist shot by Anthony Duclair.
1:11 of 3rd period - Shot Blocked by Vince Dunn.
1:13 of 3rd period - Wrist shot by Adrian Kempe.
1:13 of 3rd period - Stopped by Philipp Grubauer with a rebound.
1:15 of 3rd period - Snap shot by Ryan Getzlaf.
1:15 of 3rd period - Stopped by Philipp Grubauer with a rebound.
1:19 of 3rd period - Snap shot by Adrian Kempe.
1:19 of 3rd period - Deflect By John Marino.
1:19 of 3rd period - Shot Misses the Net.
1:19 of 3rd period - Puck is out of play.
1:20 of 3rd period - Anthony Cirelli wins face-off versus Boone Jenner in Vegas Golden Knights zone.
2:11 of 3rd period - Wrist shot by Boone Jenner.
2:11 of 3rd period - Shot Misses the Net.
2:23 of 3rd period - Wrist shot by Cam Atkinson.
2:23 of 3rd period - Stopped by Philipp Grubauer without a rebound.
2:24 of 3rd period - Jordan Staal wins face-off versus Ryan Getzlaf in Vegas Golden Knights zone.
2:55 of 3rd period - Slapshot by Jaden Schwartz.
2:55 of 3rd period - Stopped by Juuse Saros with a rebound.
3:19 of 3rd period - Slapshot by Jakub Voracek.
3:19 of 3rd period - Shot Misses the Net.
3:21 of 3rd period - Slapshot by Evan Bouchard.
3:21 of 3rd period - Deflect By Jakub Voracek.
3:21 of 3rd period - Shot Blocked by Colin White.
3:21 of 3rd period - Puck is out of play.
3:22 of 3rd period - Ryan Getzlaf wins face-off versus Jordan Staal in Vegas Golden Knights zone.
4:12 of 3rd period - Damon Severson is hit by Anthony Cirelli and loses puck.
4:19 of 3rd period - Snap shot by Jamie Benn.
4:19 of 3rd period - Shot Blocked by Jaden Schwartz.
4:35 of 3rd period - Brock Boeser is hit by Andreas Johnsson and loses puck.
4:56 of 3rd period - Snap shot by Paul Stastny.
4:56 of 3rd period - Stopped by Philipp Grubauer with a rebound.
4:58 of 3rd period - Slapshot by Erik Johnson.
4:58 of 3rd period - Shot Blocked by Marc Staal.
5:00 of 3rd period - Wrist shot by Brandon Carlo.
5:00 of 3rd period - Shot Blocked by Victor Olofsson.
5:02 of 3rd period - Snap shot by Paul Stastny.
5:02 of 3rd period - Shot Misses the Net.
5:04 of 3rd period - Slapshot by Sean Kuraly.
5:04 of 3rd period - Shot Hit the Post.
5:21 of 3rd period - Wrist shot by Marc Staal.
5:21 of 3rd period - Stopped by Juuse Saros without a rebound.
5:22 of 3rd period - Jordan Staal wins face-off versus Mikael Backlund in Edmonton Oilers zone.
5:48 of 3rd period - Jaden Schwartz is hit by Ryan Getzlaf and loses puck.
5:59 of 3rd period - Snap shot by Rickard Rakell.
5:59 of 3rd period - Stopped by Juuse Saros without a rebound.
6:00 of 3rd period - Jordan Staal wins face-off versus Boone Jenner in Edmonton Oilers zone.
6:07 of 3rd period - Wrist shot by Tom Wilson.
6:07 of 3rd period - Stopped by Juuse Saros with a rebound.
6:09 of 3rd period - Slapshot by Marc-Edouard Vlasic.
6:09 of 3rd period - Shot Blocked by Cam Atkinson.
6:11 of 3rd period - Snap shot by Marc-Edouard Vlasic.
6:11 of 3rd period - Shot Blocked by Boone Jenner.
6:13 of 3rd period - Snap shot by Tom Wilson.
6:13 of 3rd period - Shot Misses the Net.
6:15 of 3rd period - Snap shot by Tom Wilson.
6:15 of 3rd period - Deflect By Artemi Panarin.
6:15 of 3rd period - Stopped by Juuse Saros without a rebound.
6:16 of 3rd period - Ryan Getzlaf wins face-off versus Anthony Cirelli in Edmonton Oilers zone.
6:21 of 3rd period - Snap shot by Rickard Rakell.
6:21 of 3rd period - Deflect By Ryan Getzlaf.
6:21 of 3rd period - Shot Misses the Net.
6:21 of 3rd period - Puck is out of play.
6:22 of 3rd period - Anthony Cirelli wins face-off versus Ryan Getzlaf in Edmonton Oilers zone.
6:31 of 3rd period - Wrist shot by Rickard Rakell.
6:31 of 3rd period - Shot Blocked by Brett Pesce.
6:33 of 3rd period - Slapshot by John Marino.
6:33 of 3rd period - Shot Misses the Net.
6:35 of 3rd period - Snap shot by Anthony Cirelli.
6:35 of 3rd period - Shot Misses the Net.
6:37 of 3rd period - Slapshot by John Marino.
6:37 of 3rd period - Shot Blocked by Erik Johnson.
6:49 of 3rd period - Jordan Staal is hit by Boone Jenner and loses puck.
7:37 of 3rd period - Wrist shot by Colin White.
7:37 of 3rd period - Stopped by Juuse Saros without a rebound.
7:38 of 3rd period - Jordan Staal wins face-off versus Ryan Getzlaf in Edmonton Oilers zone.
7:39 of 3rd period - Slapshot by Artemi Panarin.
7:39 of 3rd period - Deflect By Jordan Staal.
7:39 of 3rd period - Stopped by Juuse Saros with a rebound.
8:05 of 3rd period - P.K. Subban is hit by Boone Jenner and loses puck.
8:58 of 3rd period - Evan Bouchard is hit by Marc-Edouard Vlasic and loses puck.
9:04 of 3rd period - Icing by Paul Stastny.
9:05 of 3rd period - Jordan Staal wins face-off versus Sean Kuraly in Edmonton Oilers zone.
9:12 of 3rd period - Backhand shot by Artemi Panarin.
9:12 of 3rd period - Deflect By Tom Wilson.
9:12 of 3rd period - Shot Hit the Post.
9:12 of 3rd period - Puck is out of play.
9:13 of 3rd period - Ryan Getzlaf wins face-off versus Jordan Staal in Edmonton Oilers zone.
9:38 of 3rd period - Snap shot by Brock Boeser.
9:38 of 3rd period - Stopped by Philipp Grubauer with a rebound.
9:40 of 3rd period - Slapshot by David Farrance.
9:40 of 3rd period - Stopped by Philipp Grubauer without a rebound.
9:41 of 3rd period - Anthony Cirelli wins face-off versus Alex Iafallo in Vegas Golden Knights zone.
9:50 of 3rd period - Snap shot by Rickard Rakell.
9:50 of 3rd period - Shot Blocked by Mikael Backlund.
10:08 of 3rd period - Evan Bouchard is hit by Vladislav Namestnikov and loses puck.
10:15 of 3rd period - Snap shot by Zach Parise.
10:15 of 3rd period - Shot Blocked by Boone Jenner.
10:17 of 3rd period - Snap shot by Zach Parise.
10:17 of 3rd period - Stopped by Juuse Saros with a rebound.
10:19 of 3rd period - Slapshot by Vince Dunn.
10:19 of 3rd period - Stopped by Juuse Saros with a rebound.
10:59 of 3rd period - Snap shot by Andreas Johnsson.
10:59 of 3rd period - Stopped by Juuse Saros with a rebound.
11:01 of 3rd period - Backhand shot by Andreas Johnsson.
11:01 of 3rd period - Deflect By Colin White.
11:01 of 3rd period - Stopped by Juuse Saros with a rebound.
11:40 of 3rd period - Snap shot by Jonathan Drouin.
11:40 of 3rd period - Stopped by Juuse Saros with a rebound.
11:42 of 3rd period - Wrist shot by Zach Parise.
11:42 of 3rd period - Deflect By Vladislav Namestnikov.
11:42 of 3rd period - Goal by Vladislav Namestnikov - Edmonton Oilers : 4 - Vegas Golden Knights : 4.
11:43 of 3rd period - Ryan Getzlaf wins face-off versus Jordan Staal in neutral zone.
11:50 of 3rd period - Wrist shot by Adrian Kempe.
11:50 of 3rd period - Shot Misses the Net.
11:54 of 3rd period - Snap shot by Adrian Kempe.
11:54 of 3rd period - Shot Blocked by Jordan Staal.
11:56 of 3rd period - Wrist shot by Ryan Getzlaf.
11:56 of 3rd period - Stopped by Philipp Grubauer without a rebound.
11:57 of 3rd period - Jordan Staal wins face-off versus Boone Jenner in Vegas Golden Knights zone.
12:44 of 3rd period - Anthony Cirelli is hit by Alex Iafallo and loses puck.
13:01 of 3rd period - Slapshot by John Marino.
13:01 of 3rd period - Deflect By Jaden Schwartz.
13:01 of 3rd period - Stopped by Juuse Saros without a rebound.
13:02 of 3rd period - Sean Kuraly wins face-off versus Jordan Staal in Edmonton Oilers zone.
13:15 of 3rd period - Snap shot by Tom Wilson.
13:15 of 3rd period - Stopped by Juuse Saros without a rebound.
13:16 of 3rd period - Ryan Getzlaf wins face-off versus Jordan Staal in Edmonton Oilers zone.
13:18 of 3rd period - Minor Penalty to Ryan Getzlaf for Slashing.
13:19 of 3rd period - Mikael Backlund wins face-off versus Artemi Panarin in Edmonton Oilers zone.
15:18 of 3rd period - Penalty to Ryan Getzlaf is over, Ryan Getzlaf is back on ice.
17:05 of 3rd period - Backhand shot by Cam Atkinson.
17:05 of 3rd period - Stopped by Philipp Grubauer with a rebound.
17:17 of 3rd period - Brock Boeser is hit by Marc Staal and loses puck.
19:41 of 3rd period - Wrist shot by Evan Bouchard.
19:41 of 3rd period - Deflect By Marc Staal.
19:41 of 3rd period - Stopped by Philipp Grubauer without a rebound.
19:42 of 3rd period - Sean Kuraly wins face-off versus Colin White in Vegas Golden Knights zone.
19:45 of 3rd period - Wrist shot by Jakub Voracek.
19:45 of 3rd period - Stopped by Philipp Grubauer without a rebound.
19:46 of 3rd period - Colin White wins face-off versus Ryan Getzlaf in Vegas Golden Knights zone.
Goals for this period are 2 for Edmonton Oilers vs 1 for Vegas Golden Knights.
Shots for this period are 12 for Edmonton Oilers vs 15 for Vegas Golden Knights.
Overtime #1
0:01 of 1st overtime period - Jamie Benn wins face-off versus Jordan Staal in neutral zone.
0:06 of 1st overtime period - Snap shot by Adrian Kempe.
0:06 of 1st overtime period - Stopped by Philipp Grubauer with a rebound.
0:10 of 1st overtime period - Snap shot by Jamie Benn.
0:10 of 1st overtime period - Stopped by Philipp Grubauer with a rebound.
0:12 of 1st overtime period - Slapshot by Damon Severson.
0:12 of 1st overtime period - Goal by Damon Severson - Edmonton Oilers : 5 - Vegas Golden Knights : 4.
Goals for this period are 1 for Edmonton Oilers vs 0 for Vegas Golden Knights.
Shots for this period are 3 for Edmonton Oilers vs 0 for Vegas Golden Knights.
Back to the Top